WCHLSIM.com - West Coast Hockey League
html PUBLIC "-//W3C//DTD XHTML 1.0 Transitional//EN" "http://www.w3.org/TR/xhtml1/DTD/xhtml1-transitional.dtd"> WCHL - Game 765 - KANSAS CITY KILLERBEES vs ANCHORAGE ACES

KANSAS CITY KILLERBEES vs ANCHORAGE ACES

Created - 6 mars 2021 at 20:51

Goals
1 2 3 T
KANSAS CITY KILLERBEES 2 0 1 3
ANCHORAGE ACES 2 3 1 6
Shots
1 2 3 T
KANSAS CITY KILLERBEES 9 14 7 30
ANCHORAGE ACES 20 13 11 44

1st period

1. KANSAS CITY KILLERBEES , Tyler Ennis 8 (Riley Sheahan 6, Josh Archibald 4) at 4:49
2. ANCHORAGE ACES , Jakob Silfverberg 18 (Phillip Danault 31, Chris Kreider 21) at 5:14
3. ANCHORAGE ACES , Jakob Silfverberg 19 (Nikolaj Ehlers 32, Phillip Danault 32) at 13:29 (PP)
4. KANSAS CITY KILLERBEES , Nick Schmaltz 19 (Sean Couturier 38, Mark Stone 30) at 19:03 (PP)

Penalties :
Adam Larsson (KCK) for Hooking (Minor) at 5:19, Justin Holl (KCK) for Tripping (Minor) at 13:07, Nick Schmaltz (KCK) for Hooking (Minor) at 13:44, Jacob de la Rose (ANC) for Interference (Minor) at 18:23

2nd period

5. ANCHORAGE ACES , Nikolaj Ehlers 24 (Connor McDavid 46, Nathan MacKinnon 34) at 7:11
6. ANCHORAGE ACES , Nikolaj Ehlers 25 (Ben Chiarot 8, Phillip Danault 33) at 8:59 (PP)
7. ANCHORAGE ACES , Connor McDavid 17 (Nathan MacKinnon 35, Nikolaj Ehlers 33) at 11:41

Penalties :
Josh Archibald (KCK) for Hooking (Minor) at 7:39, Ben Chiarot (ANC) for Hooking (Minor) at 9:24

3rd period

8. KANSAS CITY KILLERBEES , Zach Hyman 19 (Paul Stastny 21, Colin Miller 5) at 7:19
9. ANCHORAGE ACES , Seth Jones 11 (Shea Weber 18, Connor McDavid 47) at 11:48

Penalties :
Mikhail Berdin (KCK) for Slashing (Minor) at 11:56 - Jakub Zboril served the penalty.

Goalie Stats

John Gibson (KCK), 23 saves from 28 shots - (0,821), L, 15-14-4, 31:41 minutes
Mikhail Berdin (KCK), 15 saves from 16 shots - (0,938), 28:19 minutes
Carey Price (ANC), 27 saves from 30 shots - (0,900), W, 21-10-4, 60:00 minutes

Players Stats for KANSAS CITY KILLERBEES

Player Name              G  A  P  +/- PIM S  H  SB GA TA FO     MP     PP MP  PK MP  
------------------------------------------------------------------------------------
Adam Larsson             0  0  0   0  2   1  1  0  0  0  0/0    17:15   0:38   1:18 
Cam Fowler               0  0  0   1  0   0  0  1  0  0  0/0    27:42   0:57   5:16 
Colin Miller             0  1  1   1  0   0  1  0  0  0  0/0    17:08   1:38   0:59 
Jakub Zboril             0  0  0   0  0   0  0  0  0  0  0/0    12:45   0:00   0:00 
Josh Archibald           0  1  1  -1  2   2  1  0  0  0  0/1    13:05   0:00   3:18 
Justin Holl              0  0  0  -3  2   0  1  1  0  0  0/0    23:53   1:04   4:29 
Mark Stone               0  1  1   0  0   6  2  0  0  0  0/2    19:01   1:38   0:00 
Mike Reilly              0  0  0  -3  0   0  1  0  0  0  0/0    20:29   1:01   3:16 
Nicholas Ritchie         0  0  0   0  0   0  1  0  0  0  0/1     5:38   0:00   0:00 
Nick Schmaltz            1  0  1   0  2   2  1  0  0  0  0/2    19:46   1:38   0:00 
Paul Stastny             0  1  1  -1  0   1  1  1  0  0  13/24  20:55   1:01   3:01 
Riley Sheahan            0  1  1  -1  0   3  0  0  0  0  9/21   12:49   0:00   3:01 
Ryan Dzingel             0  0  0   0  0   1  0  0  0  0  0/0     5:38   0:00   0:00 
Sean Couturier           0  1  1   0  0   5  5  0  0  0  16/27  19:01   1:38   0:00 
Trevor Moore             0  0  0   0  0   0  0  1  0  0  2/16   10:16   0:00   4:38 
Tyler Ennis              1  0  1  -1  0   1  1  0  0  0  0/0     9:48   0:00   0:00 
Zach Hyman               1  0  1  -1  0   4  2  1  0  0  0/3    17:54   1:01   0:00 
Zach Parise              0  0  0  -1  0   4  0  1  0  0  0/2    19:14   1:01   1:20 

Players Stats for ANCHORAGE ACES

Player Name              G  A  P  +/- PIM S  H  SB GA TA FO     MP     PP MP  PK MP  
------------------------------------------------------------------------------------
Ben Chiarot              0  1  1  -1  2   0  1  0  0  0  0/0    20:09   3:23   0:08 
Cal Clutterbuck          0  0  0  -1  0   2  0  0  0  0  0/0     9:27   0:00   0:00 
Carl Gunnarsson          0  0  0   1  0   0  0  0  0  0  0/0    12:27   0:00   0:06 
Chris Kreider            0  1  1   1  0   2  1  0  0  0  1/3    21:07   3:54   0:00 
Connor McDavid           1  2  3   2  0   6  0  0  0  0  15/29  22:44   3:54   0:00 
Curtis Lazar             0  0  0  -1  0   2  1  0  0  0  9/14    9:27   0:00   0:00 
Dominik Simon            0  0  0  -1  0   2  0  0  0  0  0/3    10:21   0:00   0:54 
Jacob de la Rose         0  0  0   0  2   2  4  0  0  0  3/8     4:11   0:00   0:00 
Jakob Silfverberg        2  0  2   1  0   5  1  0  0  0  0/1    22:43   3:45   1:45 
Michael Frolik           0  0  0   0  0   1  0  0  0  0  0/0     4:12   0:00   0:00 
Nate Thompson            0  0  0   0  0   2  0  0  0  0  0/3     5:06   0:00   0:54 
Nathan Beaulieu          0  0  0   1  0   0  4  0  0  0  0/0    12:38   0:00   0:17 
Nathan MacKinnon         0  2  2   2  0   5  1  1  0  0  9/10   22:44   3:54   0:00 
Nikolaj Ehlers           2  2  4   2  0   4  2  0  0  0  1/1    22:35   3:45   0:00 
Phillip Danault          0  3  3   1  0   4  1  0  0  0  21/27  22:43   3:45   1:45 
Seth Jones               1  0  1   2  0   4  2  1  0  0  0/0    25:48   4:16   0:50 
Shea Weber               0  1  1   2  0   2  0  0  0  0  0/0    27:12   4:16   2:14 
Zachary Werenski         0  0  0  -1  0   1  0  2  0  0  0/0    21:45   3:23   1:43 

3 Stars

1 - Nikolaj Ehlers (ANC)
2 - Connor McDavid (ANC)
3 - Jakob Silfverberg (ANC)

Power Play

KANSAS CITY KILLERBEES - 1 on 2 Attempt(s) - 50,00%
ANCHORAGE ACES - 2 on 5 Attempt(s) - 40,00%

Penalty Kill

KANSAS CITY KILLERBEES - 3 on 5 Attempt(s) - 60,00% - Score 0 goal in Penalty Kill
ANCHORAGE ACES - 1 on 2 Attempt(s) - 50,00% - Score 0 goal in Penalty Kill

Team Stat

KANSAS CITY KILLERBEES - Hits : 18 - Faceoff Wins : 40 - Blocked Shots : 6 - Penalty Minutes : 10
ANCHORAGE ACES - Hits : 18 - Faceoff Wins : 59 - Blocked Shots : 4 - Penalty Minutes : 4

Official

Referees : Kenny Anderson and Tim Peel
Linesman : Michel Cormier and Shandor Alphonso

Game Notes

Mikhail Berdin enters game at 11:41 of 2nd period
Adam Larsson is injured at 4:28 of 3rd period (Left Foot)

Finance

Level 1 -- Attendance: 5502 (91,70%) -- Ticket Income 880 320 $
Level 2 -- Attendance: 4392 (87,84%) -- Ticket Income 553 392 $
Level 3 -- Attendance: 1744 (87,20%) -- Ticket Income 183 120 $
Level 4 -- Attendance: 4000 (100,00%) -- Ticket Income 248 000 $
Luxury Box -- Attendance: 1000 (100,00%) -- Ticket Income 280 000 $
Game was played at the Alaska Center.
Total Attendance: 16638 (92,43%)
Total Ticket Income: 2 144 832 $
Other Expense: 21 448 $
Total Income: 2 123 384 $

KANSAS CITY KILLERBEES

5 vs 5 Forward 
   Center                   Left Wing                Right Wing               Time % Phy DF OF 
 1 Sean Couturier           Nick Schmaltz            Mark Stone               35     1   2  2  
 2 Paul Stastny             Zach Hyman               Zach Parise              32     1   2  2  
 3 Riley Sheahan            Tyler Ennis              Josh Archibald           20     1   2  2  
 4 Trevor Moore             Nicholas Ritchie         Ryan Dzingel             13     1   2  2  

5 vs 5 Defense 
   Defense                  Defense                                           Time % Phy DF OF 
 1 Adam Larsson             Cam Fowler                                        36     1   2  2  
 2 Justin Holl              Mike Reilly                                       31     1   2  2  
 3 Colin Miller             Jakub Zboril                                      23     1   2  2  
 4 Adam Larsson             Cam Fowler                                        10     1   2  2  

PowerPlay Forward 
   Center                   Left Wing                Right Wing               Time % Phy DF OF 
 1 Sean Couturier           Nick Schmaltz            Mark Stone               55     1   2  2  
 2 Paul Stastny             Zach Hyman               Zach Parise              45     1   2  2  

PowerPlay Defense
   Defense                  Defense                                           Time % Phy DF OF 
 1 Cam Fowler               Mike Reilly                                       55     1   2  2  
 2 Colin Miller             Justin Holl                                       45     1   2  2  

Penalty Kill 4 Players Forward 
   Center                   Wing                     Time % Phy DF OF 
 1 Trevor Moore             Josh Archibald           55     1   2  2  
 2 Paul Stastny             Riley Sheahan            45     1   2  2  

Penalty Kill 4 Players Defense
   Defense                  Defense                  Time % Phy DF OF 
 1 Cam Fowler               Justin Holl              55     1   2  2  
 2 Adam Larsson             Mike Reilly              45     1   2  2  

Penalty Kill - 3 Players Forward 
   Forward                                           Time % Phy DF OF 
 1 Trevor Moore                                      55     1   2  2  
 2 Riley Sheahan                                     45     1   2  2  

Penalty Kill - 3 Players Defense
   Defense                  Defense                  Time % Phy DF OF 
 1 Cam Fowler               Justin Holl              55     1   2  2  
 2 Adam Larsson             Mike Reilly              45     1   2  2  

4 vs 4 Forward 
   Center                   Wing                     Time % Phy DF OF 
 1 Sean Couturier           Mark Stone               55     1   2  2  
 2 Paul Stastny             Zach Hyman               45     1   2  2  

4 vs 4 Defense
   Defense                  Defense                  Time % Phy DF OF 
 1 Adam Larsson             Cam Fowler               55     1   2  2  
 2 Justin Holl              Mike Reilly              45     1   2  2  

Last Minutes Offensive
   Center                   Left Wing                Right Wing               Defense                  Defense                  
   Sean Couturier           Nick Schmaltz            Mark Stone               Cam Fowler               Mike Reilly              

Last Minutes Defensive
   Center                   Left Wing                Right Wing               Defense                  Defense                  
   Paul Stastny             Zach Hyman               Mark Stone               Justin Holl              Adam Larsson             

Goaltenders
Starting : John Gibson              
Backup : Mikhail Berdin           

Extra Forwards
Normal : Mark Stone, Nick Schmaltz, Sean Couturier - PP : Paul Stastny, Nick Schmaltz - PK : Trevor Moore
Extra Defensemen
Normal : Cam Fowler, Adam Larsson, Justin Holl - PP : Colin Miller - PK : Justin Holl, Adam Larsson
Penalty Shots
Sean Couturier, Mark Stone, Nick Schmaltz, Zach Hyman, Paul Stastny
Custom OT Lines Forwards
Sean Couturier, Mark Stone, Paul Stastny, Nick Schmaltz, Riley Sheahan, Zach Hyman, Tyler Ennis, Josh Archibald, Ryan Dzingel, Nicholas Ritchie
Custom OT Lines Defensemen
Adam Larsson, Cam Fowler, Justin Holl, Mike Reilly, Colin Miller

Scratches
Jacob Muzzin (Torn Left MCL Injury), Oscar Fantenberg (Healthy), Will Butcher (Left Foot Injury)

ANCHORAGE ACES

5 vs 5 Forward 
   Center                   Left Wing                Right Wing               Time % Phy DF OF 
 1 Connor McDavid           Nikolaj Ehlers           Nathan MacKinnon         37     0   0  5  
 2 Phillip Danault          Chris Kreider            Jakob Silfverberg        33     0   1  4  
 3 Curtis Lazar             Dominik Simon            Cal Clutterbuck          20     1   2  2  
 4 Jacob de la Rose         Nate Thompson            Michael Frolik           10     1   2  2  

5 vs 5 Defense 
   Defense                  Defense                                           Time % Phy DF OF 
 1 Shea Weber               Seth Jones                                        36     1   2  2  
 2 Zachary Werenski         Ben Chiarot                                       31     1   2  2  
 3 Carl Gunnarsson          Nathan Beaulieu                                   23     1   2  2  
 4 Shea Weber               Seth Jones                                        10     1   2  2  

PowerPlay Forward 
   Center                   Left Wing                Right Wing               Time % Phy DF OF 
 1 Nathan MacKinnon         Chris Kreider            Connor McDavid           55     0   0  5  
 2 Phillip Danault          Nikolaj Ehlers           Jakob Silfverberg        45     0   0  5  

PowerPlay Defense
   Defense                  Defense                                           Time % Phy DF OF 
 1 Shea Weber               Seth Jones                                        55     1   2  2  
 2 Zachary Werenski         Ben Chiarot                                       45     1   2  2  

Penalty Kill 4 Players Forward 
   Center                   Wing                     Time % Phy DF OF 
 1 Phillip Danault          Jakob Silfverberg        55     1   3  1  
 2 Nate Thompson            Dominik Simon            45     1   3  1  

Penalty Kill 4 Players Defense
   Defense                  Defense                  Time % Phy DF OF 
 1 Seth Jones               Shea Weber               55     1   3  1  
 2 Ben Chiarot              Zachary Werenski         45     1   3  1  

Penalty Kill - 3 Players Forward 
   Forward                                           Time % Phy DF OF 
 1 Phillip Danault                                   55     0   5  0  
 2 Nate Thompson                                     45     0   5  0  

Penalty Kill - 3 Players Defense
   Defense                  Defense                  Time % Phy DF OF 
 1 Seth Jones               Shea Weber               55     0   5  0  
 2 Nathan Beaulieu          Carl Gunnarsson          45     0   5  0  

4 vs 4 Forward 
   Center                   Wing                     Time % Phy DF OF 
 1 Connor McDavid           Nathan MacKinnon         55     1   2  2  
 2 Nikolaj Ehlers           Chris Kreider            45     1   2  2  

4 vs 4 Defense
   Defense                  Defense                  Time % Phy DF OF 
 1 Shea Weber               Seth Jones               55     1   2  2  
 2 Carl Gunnarsson          Nathan Beaulieu          45     1   2  2  

Last Minutes Offensive
   Center                   Left Wing                Right Wing               Defense                  Defense                  
   Nathan MacKinnon         Nikolaj Ehlers           Connor McDavid           Shea Weber               Seth Jones               

Last Minutes Defensive
   Center                   Left Wing                Right Wing               Defense                  Defense                  
   Phillip Danault          Chris Kreider            Jakob Silfverberg        Shea Weber               Seth Jones               

Goaltenders
Starting : Carey Price              
Backup : James Reimer             

Extra Forwards
Normal : Curtis Lazar, Nathan MacKinnon, Connor McDavid - PP : Chris Kreider, Jakob Silfverberg - PK : Jacob de la Rose
Extra Defensemen
Normal : Seth Jones, Shea Weber, Zachary Werenski - PP : Seth Jones - PK : Ben Chiarot, Shea Weber
Penalty Shots
Nathan MacKinnon, Connor McDavid, Nikolaj Ehlers, Chris Kreider, Jakob Silfverberg
Custom OT Lines Forwards
Nathan MacKinnon, Nikolaj Ehlers, Connor McDavid, Chris Kreider, Phillip Danault, Jakob Silfverberg, Dominik Simon, Curtis Lazar, Jacob de la Rose, Michael Frolik
Custom OT Lines Defensemen
Seth Jones, Shea Weber, Zachary Werenski, Ben Chiarot, Carl Gunnarsson

Scratches
Artturi Lehkonen (Broken Right Foot Toe Injury), Joakim Ryan (Healthy), Robert Bortuzzo (Torso Injury)

% Time on Ice - KANSAS CITY KILLERBEES

Lines # - Real PCT - Wanted PCT - Time Play
Normal Forward
1 - 35% - 35% - 17:23
2 - 34% - 32% - 16:53
3 - 20% - 20% - 9:48
4 - 11% - 13% - 5:38
Normal Defense
1 - 38% - 36% - 18:45
2 - 33% - 31% - 16:12
3 - 23% - 23% - 11:35
4 - 6% - 10% - 3:10
PP Forward
1 - 62% - 55% - 1:38
2 - 38% - 45% - 1:01
PP Defense
1 - 60% - 55% - 1:35
2 - 40% - 45% - 1:04
PK Forward
1 - 61% - 55% - 4:38
2 - 39% - 45% - 3:01
PK Defense
1 - 51% - 55% - 3:52
2 - 49% - 45% - 3:47
PK3 Forward
1 - 0% - 55%
2 - 0% - 45%
PK3 Defense
1 - 0% - 55%
2 - 0% - 45%
44 Forward
1 - 0% - 55%
2 - 0% - 45%
44 Defense
1 - 0% - 55%
2 - 0% - 45%
Last Minute Offensive  - 0:00
Last Minute Defensive  - 0:00
Total
Forward - 60:00
Defense - 60:00

% Time on Ice - ANCHORAGE ACES

Lines # - Real PCT - Wanted PCT - Time Play
Normal Forward
1 - 38% - 37% - 18:50
2 - 35% - 33% - 17:13
3 - 19% - 20% - 9:27
4 - 8% - 10% - 4:12
Normal Defense
1 - 37% - 36% - 18:15
2 - 34% - 31% - 16:39
3 - 25% - 23% - 12:21
4 - 5% - 10% - 2:27
PP Forward
1 - 51% - 55% - 3:54
2 - 49% - 45% - 3:45
PP Defense
1 - 56% - 55% - 4:16
2 - 44% - 45% - 3:23
PK Forward
1 - 66% - 55% - 1:45
2 - 34% - 45% - 0:54
PK Defense
1 - 31% - 55% - 0:50
2 - 69% - 45% - 1:49
PK3 Forward
1 - 0% - 55%
2 - 0% - 45%
PK3 Defense
1 - 0% - 55%
2 - 0% - 45%
44 Forward
1 - 0% - 55%
2 - 0% - 45%
44 Defense
1 - 0% - 55%
2 - 0% - 45%
Last Minute Offensive  - 0:00
Last Minute Defensive  - 0:00
Total
Forward - 60:00
Defense - 60:00

Play-by-Play

1st period


0:01 of 1st period - Sean Couturier wins face-off versus Connor McDavid in neutral zone.
0:10 of 1st period - Shot by Sean Couturier.
0:10 of 1st period - Shot Blocked by Seth Jones.
0:18 of 1st period - Seth Jones is hit by Sean Couturier and loses puck.
0:44 of 1st period - Shot by Nathan MacKinnon.
0:44 of 1st period - Stopped by John Gibson without a rebound.
0:45 of 1st period - Paul Stastny wins face-off versus Jakob Silfverberg in KANSAS CITY KILLERBEES zone.
1:04 of 1st period - Icing by Justin Holl.
1:05 of 1st period - Curtis Lazar wins face-off versus Zach Hyman in KANSAS CITY KILLERBEES zone.
1:08 of 1st period - Shot by Cal Clutterbuck.
1:08 of 1st period - Shot Misses the Net.
1:15 of 1st period - Zach Parise is hit by Nathan Beaulieu and loses puck.
2:01 of 1st period - Colin Miller is hit by Curtis Lazar and loses puck.
2:05 of 1st period - Icing by Colin Miller.
2:06 of 1st period - Riley Sheahan wins face-off versus Phillip Danault in KANSAS CITY KILLERBEES zone.
2:33 of 1st period - Shot by Phillip Danault.
2:33 of 1st period - Stopped by John Gibson without a rebound.
2:34 of 1st period - Jacob de la Rose wins face-off versus Nicholas Ritchie in KANSAS CITY KILLERBEES zone.
2:53 of 1st period - Cam Fowler is hit by Jacob de la Rose and loses puck.
3:04 of 1st period - Nicholas Ritchie is hit by Jacob de la Rose and loses puck.
3:13 of 1st period - Shot by Jacob de la Rose.
3:13 of 1st period - Stopped by John Gibson without a rebound.
3:14 of 1st period - Connor McDavid wins face-off versus Sean Couturier in KANSAS CITY KILLERBEES zone.
3:24 of 1st period - Mark Stone is hit by Ben Chiarot.
4:29 of 1st period - Shot by Zach Hyman.
4:29 of 1st period - Stopped by Carey Price without a rebound.
4:30 of 1st period - Curtis Lazar wins face-off versus Riley Sheahan in ANCHORAGE ACES zone.
4:49 of 1st period - Shot by Tyler Ennis.
4:49 of 1st period - Goal by Tyler Ennis - KANSAS CITY KILLERBEES : 1 - ANCHORAGE ACES : 0.
4:50 of 1st period - Paul Stastny wins face-off versus Phillip Danault in neutral zone.
4:53 of 1st period - Seth Jones is hit by Zach Hyman and loses puck.
5:10 of 1st period - Shot by Phillip Danault.
5:10 of 1st period - Stopped by John Gibson with a rebound.
5:12 of 1st period - Shot by Jakob Silfverberg.
5:12 of 1st period - Shot Misses the Net.
5:14 of 1st period - Shot by Jakob Silfverberg.
5:14 of 1st period - Goal by Jakob Silfverberg - KANSAS CITY KILLERBEES : 1 - ANCHORAGE ACES : 1.
5:15 of 1st period - Connor McDavid wins face-off versus Sean Couturier in neutral zone.
5:17 of 1st period - Nathan MacKinnon is hit by Adam Larsson and loses puck.
5:19 of 1st period - Minor Penalty to Adam Larsson for Hooking.
5:20 of 1st period - Nathan MacKinnon wins face-off versus Trevor Moore in KANSAS CITY KILLERBEES zone.
5:20 of 1st period - Connor McDavid is hit by Justin Holl and loses puck.
5:41 of 1st period - Shot by Seth Jones.
5:41 of 1st period - Stopped by John Gibson with a rebound.
5:43 of 1st period - Shot by Seth Jones.
5:43 of 1st period - Shot Misses the Net.
5:45 of 1st period - Shot by Seth Jones.
5:45 of 1st period - Stopped by John Gibson without a rebound.
5:46 of 1st period - Phillip Danault wins face-off versus Paul Stastny in KANSAS CITY KILLERBEES zone.
5:56 of 1st period - Icing by Ben Chiarot.
5:57 of 1st period - Phillip Danault wins face-off versus Paul Stastny in ANCHORAGE ACES zone.
6:02 of 1st period - Shot by Nikolaj Ehlers.
6:02 of 1st period - Shot Misses the Net.
6:34 of 1st period - Shot by Phillip Danault.
6:34 of 1st period - Stopped by John Gibson with a rebound.
6:43 of 1st period - Icing by Nikolaj Ehlers.
6:44 of 1st period - Phillip Danault wins face-off versus Riley Sheahan in ANCHORAGE ACES zone.
6:57 of 1st period - Justin Holl is hit by Jakob Silfverberg and loses puck.
7:22 of 1st period - Shot by Cal Clutterbuck.
7:22 of 1st period - Shot Misses the Net.
7:24 of 1st period - Shot by Nathan Beaulieu.
7:24 of 1st period - Shot Misses the Net.
7:26 of 1st period - Shot by Cal Clutterbuck.
7:26 of 1st period - Stopped by John Gibson with a rebound.
7:28 of 1st period - Shot by Nathan Beaulieu.
7:28 of 1st period - Shot Misses the Net.
7:48 of 1st period - Shot by Dominik Simon.
7:48 of 1st period - Shot Misses the Net.
7:57 of 1st period - Shot by Curtis Lazar.
7:57 of 1st period - Shot Misses the Net.
8:04 of 1st period - Icing by Sean Couturier.
8:05 of 1st period - Sean Couturier wins face-off versus Jacob de la Rose in KANSAS CITY KILLERBEES zone.
8:05 of 1st period - Sean Couturier is hit by Jacob de la Rose.
8:11 of 1st period - Shot by Sean Couturier.
8:11 of 1st period - Stopped by Carey Price without a rebound.
8:12 of 1st period - Phillip Danault wins face-off versus Paul Stastny in ANCHORAGE ACES zone.
8:40 of 1st period - Shot by Zach Parise.
8:40 of 1st period - Shot Misses the Net.
8:42 of 1st period - Shot by Zach Hyman.
8:42 of 1st period - Shot Misses the Net.
8:44 of 1st period - Shot by Zach Hyman.
8:44 of 1st period - Shot Misses the Net.
8:46 of 1st period - Shot by Paul Stastny.
8:46 of 1st period - Shot Misses the Net.
9:37 of 1st period - Shot by Riley Sheahan.
9:37 of 1st period - Stopped by Carey Price without a rebound.
9:38 of 1st period - Sean Couturier wins face-off versus Jacob de la Rose in ANCHORAGE ACES zone.
10:02 of 1st period - Shot by Jacob de la Rose.
10:02 of 1st period - Stopped by John Gibson without a rebound.
10:03 of 1st period - Connor McDavid wins face-off versus Trevor Moore in KANSAS CITY KILLERBEES zone.
10:10 of 1st period - Shot by Connor McDavid.
10:10 of 1st period - Stopped by John Gibson with a rebound.
10:29 of 1st period - Icing by Ben Chiarot.
10:30 of 1st period - Sean Couturier wins face-off versus Connor McDavid in ANCHORAGE ACES zone.
10:35 of 1st period - Shot by Mark Stone.
10:35 of 1st period - Stopped by Carey Price without a rebound.
10:36 of 1st period - Paul Stastny wins face-off versus Phillip Danault in ANCHORAGE ACES zone.
10:36 of 1st period - Paul Stastny is hit by Seth Jones.
11:18 of 1st period - Shot by Chris Kreider.
11:18 of 1st period - Shot Blocked by Zach Hyman.
11:27 of 1st period - Zach Hyman is hit by Seth Jones and loses puck.
11:35 of 1st period - Off-side.
11:36 of 1st period - Connor McDavid wins face-off versus Sean Couturier in neutral zone.
11:39 of 1st period - Shot by Nikolaj Ehlers.
11:39 of 1st period - Stopped by John Gibson with a rebound.
12:16 of 1st period - Shot by Nathan MacKinnon.
12:16 of 1st period - Shot Misses the Net.
12:29 of 1st period - Icing by Ben Chiarot.
12:30 of 1st period - Connor McDavid wins face-off versus Riley Sheahan in ANCHORAGE ACES zone.
12:52 of 1st period - Tyler Ennis is hit by Nathan Beaulieu and loses puck.
13:01 of 1st period - Shot by Curtis Lazar.
13:01 of 1st period - Stopped by John Gibson without a rebound.
13:02 of 1st period - Phillip Danault wins face-off versus Trevor Moore in KANSAS CITY KILLERBEES zone.
13:02 of 1st period - Phillip Danault is hit by Mike Reilly.
13:07 of 1st period - Minor Penalty to Justin Holl for Tripping.
13:08 of 1st period - Phillip Danault wins face-off versus Trevor Moore in KANSAS CITY KILLERBEES zone.
13:27 of 1st period - Shot by Nikolaj Ehlers.
13:27 of 1st period - Shot Misses the Net.
13:29 of 1st period - Shot by Jakob Silfverberg.
13:29 of 1st period - Goal by Jakob Silfverberg - KANSAS CITY KILLERBEES : 1 - ANCHORAGE ACES : 2.
13:30 of 1st period - Sean Couturier wins face-off versus Curtis Lazar in neutral zone.
13:44 of 1st period - Minor Penalty to Nick Schmaltz for Hooking.
13:45 of 1st period - Nathan MacKinnon wins face-off versus Trevor Moore in KANSAS CITY KILLERBEES zone.
13:50 of 1st period - Shot by Connor McDavid.
13:50 of 1st period - Stopped by John Gibson without a rebound.
13:51 of 1st period - Nathan MacKinnon wins face-off versus Josh Archibald in KANSAS CITY KILLERBEES zone.
14:18 of 1st period - Shot by Connor McDavid.
14:18 of 1st period - Deflect By Nathan MacKinnon.
14:18 of 1st period - Shot Misses the Net.
14:20 of 1st period - Shot by Connor McDavid.
14:20 of 1st period - Shot Misses the Net.
14:22 of 1st period - Shot by Nathan MacKinnon.
14:22 of 1st period - Stopped by John Gibson without a rebound.
14:23 of 1st period - Phillip Danault wins face-off versus Paul Stastny in KANSAS CITY KILLERBEES zone.
14:51 of 1st period - Icing by Nikolaj Ehlers.
14:52 of 1st period - Phillip Danault wins face-off versus Trevor Moore in ANCHORAGE ACES zone.
15:15 of 1st period - Shot by Jakob Silfverberg.
15:15 of 1st period - Stopped by John Gibson without a rebound.
15:16 of 1st period - Paul Stastny wins face-off versus Nathan MacKinnon in KANSAS CITY KILLERBEES zone.
15:16 of 1st period - Paul Stastny is hit by Chris Kreider.
15:46 of 1st period - Shot by Nathan MacKinnon.
15:46 of 1st period - Shot Misses the Net.
15:48 of 1st period - Shot by Dominik Simon.
15:48 of 1st period - Stopped by John Gibson with a rebound.
16:01 of 1st period - Cal Clutterbuck is hit by Colin Miller and loses puck.
16:16 of 1st period - Shot by Curtis Lazar.
16:16 of 1st period - Stopped by John Gibson without a rebound.
16:17 of 1st period - Trevor Moore wins face-off versus Connor McDavid in KANSAS CITY KILLERBEES zone.
16:17 of 1st period - Trevor Moore is hit by Nikolaj Ehlers.
17:05 of 1st period - Icing by Nikolaj Ehlers.
17:06 of 1st period - Paul Stastny wins face-off versus Connor McDavid in ANCHORAGE ACES zone.
17:09 of 1st period - Shot by Zach Hyman.
17:09 of 1st period - Stopped by Carey Price with a rebound.
17:11 of 1st period - Shot by Zach Parise.
17:11 of 1st period - Stopped by Carey Price without a rebound.
17:12 of 1st period - Phillip Danault wins face-off versus Zach Hyman in ANCHORAGE ACES zone.
18:23 of 1st period - Minor Penalty to Jacob de la Rose for Interference.
18:24 of 1st period - Sean Couturier wins face-off versus Nate Thompson in ANCHORAGE ACES zone.
18:57 of 1st period - Shot by Sean Couturier.
18:57 of 1st period - Stopped by Carey Price without a rebound.
18:58 of 1st period - Sean Couturier wins face-off versus Nate Thompson in ANCHORAGE ACES zone.
19:03 of 1st period - Shot by Nick Schmaltz.
19:03 of 1st period - Goal by Nick Schmaltz - KANSAS CITY KILLERBEES : 2 - ANCHORAGE ACES : 2.
19:04 of 1st period - Riley Sheahan wins face-off versus Connor McDavid in neutral zone.
19:31 of 1st period - Shot by Nathan MacKinnon.
19:31 of 1st period - Stopped by John Gibson without a rebound.
19:32 of 1st period - Sean Couturier wins face-off versus Chris Kreider in KANSAS CITY KILLERBEES zone.
Goals for this period are 2 for KANSAS CITY KILLERBEES vs 2 for ANCHORAGE ACES.
Shots for this period are 9 for KANSAS CITY KILLERBEES vs 20 for ANCHORAGE ACES.

2nd period


0:01 of 2nd period - Connor McDavid wins face-off versus Nick Schmaltz in neutral zone.
0:42 of 2nd period - Shot by Sean Couturier.
0:42 of 2nd period - Shot Misses the Net.
1:08 of 2nd period - Shot by Paul Stastny.
1:08 of 2nd period - Shot Misses the Net.
1:42 of 2nd period - Icing by Shea Weber.
1:43 of 2nd period - Riley Sheahan wins face-off versus Connor McDavid in ANCHORAGE ACES zone.
3:46 of 2nd period - Shot by Zach Hyman.
3:46 of 2nd period - Deflect By Zach Parise.
3:46 of 2nd period - Stopped by Carey Price without a rebound.
3:47 of 2nd period - Curtis Lazar wins face-off versus Trevor Moore in ANCHORAGE ACES zone.
3:47 of 2nd period - Cal Clutterbuck is hit by Nicholas Ritchie and loses puck.
4:06 of 2nd period - Shot by Ryan Dzingel.
4:06 of 2nd period - Stopped by Carey Price without a rebound.
4:07 of 2nd period - Paul Stastny wins face-off versus Jacob de la Rose in ANCHORAGE ACES zone.
4:24 of 2nd period - Shot by Zach Parise.
4:24 of 2nd period - Stopped by Carey Price without a rebound.
4:25 of 2nd period - Curtis Lazar wins face-off versus Sean Couturier in ANCHORAGE ACES zone.
5:20 of 2nd period - Shot by Jacob de la Rose.
5:20 of 2nd period - Shot Misses the Net.
5:22 of 2nd period - Shot by Michael Frolik.
5:22 of 2nd period - Stopped by John Gibson with a rebound.
5:24 of 2nd period - Shot by Jacob de la Rose.
5:24 of 2nd period - Shot Blocked by Cam Fowler.
6:01 of 2nd period - Shot by Phillip Danault.
6:01 of 2nd period - Stopped by John Gibson with a rebound.
6:03 of 2nd period - Shot by Seth Jones.
6:03 of 2nd period - Stopped by John Gibson with a rebound.
6:05 of 2nd period - Shot by Phillip Danault.
6:05 of 2nd period - Shot Misses the Net.
6:21 of 2nd period - Shot by Chris Kreider.
6:21 of 2nd period - Shot Misses the Net.
6:49 of 2nd period - Icing by Zachary Werenski.
6:50 of 2nd period - Paul Stastny wins face-off versus Connor McDavid in ANCHORAGE ACES zone.
6:51 of 2nd period - Shot by Zach Hyman.
6:51 of 2nd period - Stopped by Carey Price without a rebound.
6:52 of 2nd period - Paul Stastny wins face-off versus Connor McDavid in ANCHORAGE ACES zone.
7:00 of 2nd period - Paul Stastny is hit by Nathan Beaulieu and loses puck.
7:11 of 2nd period - Shot by Nikolaj Ehlers.
7:11 of 2nd period - Goal by Nikolaj Ehlers - KANSAS CITY KILLERBEES : 2 - ANCHORAGE ACES : 3.
7:12 of 2nd period - Riley Sheahan wins face-off versus Dominik Simon in neutral zone.
7:15 of 2nd period - Shot by Tyler Ennis.
7:15 of 2nd period - Shot Misses the Net.
7:17 of 2nd period - Shot by Jakub Zboril.
7:17 of 2nd period - Shot Blocked by Zachary Werenski.
7:19 of 2nd period - Shot by Riley Sheahan.
7:19 of 2nd period - Stopped by Carey Price without a rebound.
7:20 of 2nd period - Phillip Danault wins face-off versus Paul Stastny in ANCHORAGE ACES zone.
7:36 of 2nd period - Shot by Paul Stastny.
7:36 of 2nd period - Stopped by Carey Price without a rebound.
7:37 of 2nd period - Connor McDavid wins face-off versus Riley Sheahan in ANCHORAGE ACES zone.
7:39 of 2nd period - Minor Penalty to Josh Archibald for Hooking.
7:40 of 2nd period - Nathan MacKinnon wins face-off versus Trevor Moore in KANSAS CITY KILLERBEES zone.
7:43 of 2nd period - Shot by Nathan MacKinnon.
7:43 of 2nd period - Shot Misses the Net.
7:45 of 2nd period - Shot by Shea Weber.
7:45 of 2nd period - Stopped by John Gibson without a rebound.
7:46 of 2nd period - Nathan MacKinnon wins face-off versus Trevor Moore in KANSAS CITY KILLERBEES zone.
8:11 of 2nd period - Shot by Chris Kreider.
8:11 of 2nd period - Shot Misses the Net.
8:13 of 2nd period - Shot by Seth Jones.
8:13 of 2nd period - Shot Misses the Net.
8:47 of 2nd period - Shot by Phillip Danault.
8:47 of 2nd period - Shot Blocked by Trevor Moore.
8:55 of 2nd period - Shot by Nikolaj Ehlers.
8:55 of 2nd period - Stopped by John Gibson with a rebound.
8:57 of 2nd period - Shot by Ben Chiarot.
8:57 of 2nd period - Shot Blocked by Zach Parise.
8:59 of 2nd period - Shot by Nikolaj Ehlers.
8:59 of 2nd period - Goal by Nikolaj Ehlers - KANSAS CITY KILLERBEES : 2 - ANCHORAGE ACES : 4.
9:00 of 2nd period - Riley Sheahan wins face-off versus Curtis Lazar in neutral zone.
9:08 of 2nd period - Off-side.
9:09 of 2nd period - Sean Couturier wins face-off versus Jacob de la Rose in neutral zone.
9:09 of 2nd period - Sean Couturier is hit by Jacob de la Rose.
9:15 of 2nd period - Ben Chiarot is hit by Sean Couturier and loses puck.
9:24 of 2nd period - Minor Penalty to Ben Chiarot for Hooking.
9:25 of 2nd period - Phillip Danault wins face-off versus Sean Couturier in ANCHORAGE ACES zone.
9:25 of 2nd period - Phillip Danault is hit by Sean Couturier.
10:00 of 2nd period - Dominik Simon is hit by Sean Couturier and loses puck.
10:43 of 2nd period - Shot by Zach Parise.
10:43 of 2nd period - Stopped by Carey Price without a rebound.
10:44 of 2nd period - Sean Couturier wins face-off versus Dominik Simon in ANCHORAGE ACES zone.
10:49 of 2nd period - Shot by Sean Couturier.
10:49 of 2nd period - Stopped by Carey Price without a rebound.
10:50 of 2nd period - Sean Couturier wins face-off versus Nate Thompson in ANCHORAGE ACES zone.
11:00 of 2nd period - Shot by Mark Stone.
11:00 of 2nd period - Stopped by Carey Price without a rebound.
11:01 of 2nd period - Phillip Danault wins face-off versus Zach Parise in ANCHORAGE ACES zone.
11:24 of 2nd period - Paul Stastny is hit by Nathan Beaulieu and loses puck.
11:41 of 2nd period - Shot by Connor McDavid.
11:41 of 2nd period - Goal by Connor McDavid - KANSAS CITY KILLERBEES : 2 - ANCHORAGE ACES : 5.
11:41 of 2nd period - Mikhail Berdin enters game.
11:42 of 2nd period - Curtis Lazar wins face-off versus Trevor Moore in neutral zone.
13:18 of 2nd period - Icing by Nathan MacKinnon.
13:19 of 2nd period - Riley Sheahan wins face-off versus Connor McDavid in ANCHORAGE ACES zone.
13:36 of 2nd period - Shot by Josh Archibald.
13:36 of 2nd period - Stopped by Carey Price without a rebound.
13:37 of 2nd period - Sean Couturier wins face-off versus Phillip Danault in ANCHORAGE ACES zone.
13:44 of 2nd period - Shot by Mark Stone.
13:44 of 2nd period - Stopped by Carey Price without a rebound.
13:45 of 2nd period - Phillip Danault wins face-off versus Riley Sheahan in ANCHORAGE ACES zone.
13:55 of 2nd period - Icing by Mike Reilly.
13:56 of 2nd period - Phillip Danault wins face-off versus Riley Sheahan in KANSAS CITY KILLERBEES zone.
14:07 of 2nd period - Shot by Chris Kreider.
14:07 of 2nd period - Stopped by Mikhail Berdin without a rebound.
14:08 of 2nd period - Nikolaj Ehlers wins face-off versus Paul Stastny in KANSAS CITY KILLERBEES zone.
14:37 of 2nd period - Shot by Zach Hyman.
14:37 of 2nd period - Shot Misses the Net.
15:03 of 2nd period - Icing by Shea Weber.
15:04 of 2nd period - Sean Couturier wins face-off versus Connor McDavid in ANCHORAGE ACES zone.
15:39 of 2nd period - Shot by Sean Couturier.
15:39 of 2nd period - Stopped by Carey Price without a rebound.
15:40 of 2nd period - Riley Sheahan wins face-off versus Phillip Danault in ANCHORAGE ACES zone.
15:43 of 2nd period - Shot by Riley Sheahan.
15:43 of 2nd period - Shot Misses the Net.
16:13 of 2nd period - Tyler Ennis is hit by Phillip Danault and loses puck.
16:46 of 2nd period - Carl Gunnarsson is hit by Paul Stastny and loses puck.
17:00 of 2nd period - Shot by Dominik Simon.
17:00 of 2nd period - Stopped by Mikhail Berdin without a rebound.
17:01 of 2nd period - Sean Couturier wins face-off versus Jacob de la Rose in KANSAS CITY KILLERBEES zone.
17:06 of 2nd period - Shot by Nick Schmaltz.
17:06 of 2nd period - Shot Misses the Net.
17:08 of 2nd period - Shot by Mark Stone.
17:08 of 2nd period - Stopped by Carey Price without a rebound.
17:09 of 2nd period - Jacob de la Rose wins face-off versus Sean Couturier in ANCHORAGE ACES zone.
17:17 of 2nd period - Icing by Justin Holl.
17:18 of 2nd period - Sean Couturier wins face-off versus Connor McDavid in KANSAS CITY KILLERBEES zone.
17:29 of 2nd period - Sean Couturier is hit by Nikolaj Ehlers and loses puck.
17:46 of 2nd period - Icing by Nathan MacKinnon.
17:47 of 2nd period - Paul Stastny wins face-off versus Connor McDavid in ANCHORAGE ACES zone.
18:08 of 2nd period - Shot by Zach Parise.
18:08 of 2nd period - Shot Blocked by Nathan MacKinnon.
18:10 of 2nd period - Shot by Zach Hyman.
18:10 of 2nd period - Shot Misses the Net.
18:12 of 2nd period - Shot by Adam Larsson.
18:12 of 2nd period - Stopped by Carey Price without a rebound.
18:13 of 2nd period - Phillip Danault wins face-off versus Sean Couturier in ANCHORAGE ACES zone.
18:13 of 2nd period - Phillip Danault is hit by Sean Couturier.
18:18 of 2nd period - Zachary Werenski is hit by Mark Stone.
18:28 of 2nd period - Shot by Phillip Danault.
18:28 of 2nd period - Shot Misses the Net.
18:57 of 2nd period - Shot by Chris Kreider.
18:57 of 2nd period - Shot Blocked by Justin Holl.
19:01 of 2nd period - Shot by Jakob Silfverberg.
19:01 of 2nd period - Stopped by Mikhail Berdin with a rebound.
19:29 of 2nd period - Off-side.
19:30 of 2nd period - Connor McDavid wins face-off versus Zach Hyman in neutral zone.
19:47 of 2nd period - Shot by Nathan MacKinnon.
19:47 of 2nd period - Stopped by Mikhail Berdin with a rebound.
19:49 of 2nd period - Shot by Nathan MacKinnon.
19:49 of 2nd period - Deflect By Connor McDavid.
19:49 of 2nd period - Stopped by Mikhail Berdin with a rebound.
Goals for this period are 0 for KANSAS CITY KILLERBEES vs 3 for ANCHORAGE ACES.
Shots for this period are 14 for KANSAS CITY KILLERBEES vs 13 for ANCHORAGE ACES.

3rd period


0:01 of 3rd period - Phillip Danault wins face-off versus Riley Sheahan in neutral zone.
0:03 of 3rd period - Off-side.
0:04 of 3rd period - Phillip Danault wins face-off versus Paul Stastny in neutral zone.
1:06 of 3rd period - Icing by Paul Stastny.
1:07 of 3rd period - Connor McDavid wins face-off versus Paul Stastny in KANSAS CITY KILLERBEES zone.
1:50 of 3rd period - Icing by Nathan MacKinnon.
1:51 of 3rd period - Trevor Moore wins face-off versus Connor McDavid in ANCHORAGE ACES zone.
2:00 of 3rd period - Shot by Ryan Dzingel.
2:00 of 3rd period - Shot Misses the Net.
2:13 of 3rd period - Icing by Nicholas Ritchie.
2:14 of 3rd period - Phillip Danault wins face-off versus Trevor Moore in KANSAS CITY KILLERBEES zone.
2:48 of 3rd period - Icing by Jakob Silfverberg.
2:49 of 3rd period - Sean Couturier wins face-off versus Chris Kreider in ANCHORAGE ACES zone.
2:52 of 3rd period - Shot by Mark Stone.
2:52 of 3rd period - Stopped by Carey Price without a rebound.
2:53 of 3rd period - Riley Sheahan wins face-off versus Curtis Lazar in ANCHORAGE ACES zone.
3:07 of 3rd period - Icing by Dominik Simon.
3:08 of 3rd period - Curtis Lazar wins face-off versus Sean Couturier in ANCHORAGE ACES zone.
3:08 of 3rd period - Curtis Lazar is hit by Nick Schmaltz.
3:28 of 3rd period - Shot by Cal Clutterbuck.
3:28 of 3rd period - Stopped by Mikhail Berdin without a rebound.
3:29 of 3rd period - Phillip Danault wins face-off versus Riley Sheahan in KANSAS CITY KILLERBEES zone.
4:27 of 3rd period - Adam Larsson is hit by Nathan MacKinnon and loses puck.
4:28 of 3rd period - Adam Larsson from KANSAS CITY KILLERBEES is injured at 4:28 of 3rd period (Left Foot).
4:29 of 3rd period - Connor McDavid wins face-off versus Mark Stone in KANSAS CITY KILLERBEES zone.
4:50 of 3rd period - Shot by Sean Couturier.
4:50 of 3rd period - Shot Misses the Net.
4:52 of 3rd period - Shot by Nick Schmaltz.
4:52 of 3rd period - Stopped by Carey Price without a rebound.
4:53 of 3rd period - Paul Stastny wins face-off versus Dominik Simon in ANCHORAGE ACES zone.
5:26 of 3rd period - Shot by Curtis Lazar.
5:26 of 3rd period - Shot Misses the Net.
7:01 of 3rd period - Shot by Connor McDavid.
7:01 of 3rd period - Stopped by Mikhail Berdin without a rebound.
7:02 of 3rd period - Jacob de la Rose wins face-off versus Riley Sheahan in KANSAS CITY KILLERBEES zone.
7:05 of 3rd period - Shot by Nate Thompson.
7:05 of 3rd period - Stopped by Mikhail Berdin without a rebound.
7:06 of 3rd period - Connor McDavid wins face-off versus Paul Stastny in KANSAS CITY KILLERBEES zone.
7:07 of 3rd period - Shot by Nathan MacKinnon.
7:07 of 3rd period - Shot Misses the Net.
7:17 of 3rd period - Shot by Zach Hyman.
7:17 of 3rd period - Shot Blocked by Zachary Werenski.
7:19 of 3rd period - Shot by Zach Hyman.
7:19 of 3rd period - Goal by Zach Hyman - KANSAS CITY KILLERBEES : 3 - ANCHORAGE ACES : 5.
7:20 of 3rd period - Curtis Lazar wins face-off versus Riley Sheahan in neutral zone.
7:41 of 3rd period - Nathan Beaulieu is hit by Tyler Ennis and loses puck.
7:48 of 3rd period - Shot by Josh Archibald.
7:48 of 3rd period - Stopped by Carey Price without a rebound.
7:49 of 3rd period - Connor McDavid wins face-off versus Mark Stone in ANCHORAGE ACES zone.
8:15 of 3rd period - Shot by Sean Couturier.
8:15 of 3rd period - Shot Misses the Net.
8:17 of 3rd period - Shot by Mark Stone.
8:17 of 3rd period - Stopped by Carey Price without a rebound.
8:18 of 3rd period - Phillip Danault wins face-off versus Paul Stastny in ANCHORAGE ACES zone.
8:18 of 3rd period - Phillip Danault is hit by Zach Hyman.
8:58 of 3rd period - Icing by Justin Holl.
8:59 of 3rd period - Paul Stastny wins face-off versus Connor McDavid in KANSAS CITY KILLERBEES zone.
9:11 of 3rd period - Icing by Seth Jones.
9:12 of 3rd period - Nathan MacKinnon wins face-off versus Nick Schmaltz in ANCHORAGE ACES zone.
9:35 of 3rd period - Shea Weber is hit by Mark Stone and loses puck.
10:20 of 3rd period - Shot by Jakob Silfverberg.
10:20 of 3rd period - Shot Misses the Net.
10:27 of 3rd period - Off-side.
10:28 of 3rd period - Paul Stastny wins face-off versus Curtis Lazar in neutral zone.
11:44 of 3rd period - Shot by Connor McDavid.
11:44 of 3rd period - Shot Misses the Net.
11:46 of 3rd period - Shot by Shea Weber.
11:46 of 3rd period - Stopped by Mikhail Berdin with a rebound.
11:48 of 3rd period - Shot by Seth Jones.
11:48 of 3rd period - Goal by Seth Jones - KANSAS CITY KILLERBEES : 3 - ANCHORAGE ACES : 6.
11:49 of 3rd period - Phillip Danault wins face-off versus Sean Couturier in neutral zone.
11:56 of 3rd period - Shot by Chris Kreider.
11:56 of 3rd period - Stopped by Mikhail Berdin without a rebound.
11:56 of 3rd period - Minor Penalty to Mikhail Berdin for Slashing.
11:57 of 3rd period - Nathan MacKinnon wins face-off versus Trevor Moore in KANSAS CITY KILLERBEES zone.
12:18 of 3rd period - Shot by Nathan MacKinnon.
12:18 of 3rd period - Stopped by Mikhail Berdin without a rebound.
12:19 of 3rd period - Paul Stastny wins face-off versus Phillip Danault in KANSAS CITY KILLERBEES zone.
13:05 of 3rd period - Shot by Zachary Werenski.
13:05 of 3rd period - Shot Blocked by Paul Stastny.
13:07 of 3rd period - Shot by Jakob Silfverberg.
13:07 of 3rd period - Stopped by Mikhail Berdin with a rebound.
13:20 of 3rd period - Icing by Connor McDavid.
13:21 of 3rd period - Nathan MacKinnon wins face-off versus Paul Stastny in ANCHORAGE ACES zone.
14:10 of 3rd period - Shot by Nate Thompson.
14:10 of 3rd period - Stopped by Mikhail Berdin without a rebound.
14:11 of 3rd period - Curtis Lazar wins face-off versus Trevor Moore in KANSAS CITY KILLERBEES zone.
14:24 of 3rd period - Shot by Zachary Werenski.
14:24 of 3rd period - Stopped by Mikhail Berdin without a rebound.
14:25 of 3rd period - Connor McDavid wins face-off versus Sean Couturier in KANSAS CITY KILLERBEES zone.
15:37 of 3rd period - Shot by Zach Parise.
15:37 of 3rd period - Deflect By Paul Stastny.
15:37 of 3rd period - Shot Misses the Net.
15:59 of 3rd period - Shot by Chris Kreider.
15:59 of 3rd period - Shot Misses the Net.
17:13 of 3rd period - Icing by Nick Schmaltz.
17:14 of 3rd period - Nathan MacKinnon wins face-off versus Riley Sheahan in KANSAS CITY KILLERBEES zone.
17:15 of 3rd period - Shot by Connor McDavid.
17:15 of 3rd period - Stopped by Mikhail Berdin without a rebound.
17:16 of 3rd period - Connor McDavid wins face-off versus Trevor Moore in KANSAS CITY KILLERBEES zone.
18:25 of 3rd period - Off-side.
18:26 of 3rd period - Riley Sheahan wins face-off versus Curtis Lazar in neutral zone.
18:34 of 3rd period - Off-side.
18:35 of 3rd period - Chris Kreider wins face-off versus Zach Parise in neutral zone.
19:36 of 3rd period - Shot by Sean Couturier.
19:36 of 3rd period - Shot Misses the Net.
19:38 of 3rd period - Shot by Sean Couturier.
19:38 of 3rd period - Stopped by Carey Price without a rebound.
19:39 of 3rd period - Connor McDavid wins face-off versus Riley Sheahan in ANCHORAGE ACES zone.
19:39 of 3rd period - Connor McDavid is hit by Josh Archibald.
19:57 of 3rd period - Shot by Riley Sheahan.
19:57 of 3rd period - Stopped by Carey Price without a rebound.
19:58 of 3rd period - Curtis Lazar wins face-off versus Sean Couturier in ANCHORAGE ACES zone.
Goals for this period are 1 for KANSAS CITY KILLERBEES vs 1 for ANCHORAGE ACES.
Shots for this period are 7 for KANSAS CITY KILLERBEES vs 11 for ANCHORAGE ACES.


SEBASTIAN
AHO
MARK
SCHEIFELE
JAKE
OETTINGER

EAST COAST

HOCKEY LEAGUE

  • 17.QUE3CHI2
  • 18.CHA2LIM4
  • 19.TRV3LON2
  • 20.CHW1BAL2
  • 21.PITMAN
  • 22.ATLNHW
  • 23.WORPET
  • 24.RHI